3A
BELLEVILLE BULLS @ HARRISBURG HARRIERS
07/30/2021
 
TOP OF THE 1ST
Belleville Bulls batting - Pitching for Harrisburg Harriers : RHP Jesús Liñares
Pitching: RHP Jesús Liñares
Batting: LHB Manuel Sánchez 0-0: Fly out, F6 (Popup, 6D)
Batting: RHB Paddy Hodnett 0-0: Ball
1-0: SINGLE (Line Drive, 6M)
Batting: RHB José Icaza 0-0: Ball
1-0: Called Strike
1-1: SINGLE (Groundball, 56D)
Paddy Hodnett to second
Batting: RHB Lee Charles 0-0: Called Strike
0-1: Ball
1-1: Ball
2-1: Swinging Strike
2-2: Strikes out swinging
Batting: RHB Ángel Rosa 0-0: Foul Ball, location: 2F
0-1: Ball
1-1: Fielders Choice at 2nd, U6 (Groundball, 6M)
Top of the 1st over - 0 run(s), 2 hit(s), 0 error(s), 2 left on base; Belleville 0 - Harrisburg 0
BOTTOM OF THE 1ST
Harrisburg Harriers batting - Pitching for Belleville Bulls : RHP Frank Walker
Pitching: RHP Frank Walker
Batting: LHB José Cordero 0-0: Called Strike
0-1: Bunt missed!
0-2: Ball
1-2: Ground out 4-3 (Groundball, 4)
Batting: LHB Salvador Avilés 0-0: Called Strike
0-1: Called Strike
0-2: Fly out, F8 (Flyball, 8LM)
Batting: RHB Patrizio Vanali 0-0: Ball
1-0: Ball
2-0: Ball
3-0: Foul Ball, location: 2F
3-1: Called Strike
3-2: Base on Balls
Batting: LHB Héctor Torres 0-0: Called Strike
0-1: Swinging Strike
0-2: Ball
Pickoff Throw to First - Out!
Bottom of the 1st over - 0 run(s), 0 hit(s), 0 error(s), 0 left on base; Belleville 0 - Harrisburg 0
TOP OF THE 2ND
Belleville Bulls batting - Pitching for Harrisburg Harriers : RHP Jesús Liñares
Batting: RHB Jaime Ramírez 0-0: Ball
1-0: Ball
2-0: Fly out, F9 (Flyball, 9M)
Batting: RHB Noel Wells 0-0: Foul Ball, location: 2F
0-1: Swinging Strike
0-2: Ball
1-2: Strikes out swinging
Batting: RHB Gabriel López 0-0: Ball
1-0: Foul Ball, location: 2F
1-1: Ground out 5-3 (Groundball, 56S)
Top of the 2nd over - 0 run(s), 0 hit(s), 0 error(s), 0 left on base; Belleville 0 - Harrisburg 0
BOTTOM OF THE 2ND
Harrisburg Harriers batting - Pitching for Belleville Bulls : RHP Frank Walker
Batting: LHB Héctor Torres 0-0: Fly out, F3 (Popup, 3F)
Batting: RHB Mike Greene 0-0: Called Strike
0-1: Called Strike
0-2: Strikes out swinging
Batting: RHB Jorge Figueroa 0-0: Foul Ball, location: 2F
0-1: Ball
1-1: Ball
2-1: Fly out, F7 (Flyball, 7M)
Bottom of the 2nd over - 0 run(s), 0 hit(s), 0 error(s), 0 left on base; Belleville 0 - Harrisburg 0
TOP OF THE 3RD
Belleville Bulls batting - Pitching for Harrisburg Harriers : RHP Jesús Liñares
Batting: RHB Rafael Delgado 0-0: Ground out 4-3 (Groundball, 4)
Batting: LHB Manuel Sánchez 0-0: Called Strike
0-1: Ball
1-1: Reached on error, E4 (Groundball, 4)
Batting: RHB Paddy Hodnett 0-0: Ball
1-0: Called Strike
Manuel Sánchez steals 2nd base
1-1: SINGLE (Line Drive, 6M)
Manuel Sánchez to third
Batting: RHB José Icaza 0-0: Swinging Strike
0-1: Ball
1-1: Ball
2-1: Ball
3-1: Called Strike
3-2: Strikes out looking
Batting: RHB Lee Charles 0-0: Ball
1-0: Foul Ball, location: 2F
1-1: Called Strike
1-2: Strikes out swinging
Top of the 3rd over - 0 run(s), 1 hit(s), 1 error(s), 2 left on base; Belleville 0 - Harrisburg 0
BOTTOM OF THE 3RD
Harrisburg Harriers batting - Pitching for Belleville Bulls : RHP Frank Walker
Batting: SHB Alonso Solís 0-0: Ball
1-0: Fly out, F8 (Flyball, 8RM)
Batting: RHB Henrique Shearman 0-0: Ball
1-0: DOUBLE (Line Drive, 7LM)
Batting: RHB Roberto Escues 0-0: Ball
1-0: Ball
2-0: Called Strike
2-1: Ball
3-1: SINGLE (Groundball, 6MD)
Henrique Shearman to third
Batting: LHB José Cordero 0-0: Ball
1-0: Called Strike
1-1: Ball
Roberto Escues is caught stealing 2nd base
2-1: Fly out, F6 (Popup, 5L)
Bottom of the 3rd over - 0 run(s), 2 hit(s), 0 error(s), 1 left on base; Belleville 0 - Harrisburg 0
TOP OF THE 4TH
Belleville Bulls batting - Pitching for Harrisburg Harriers : RHP Jesús Liñares
Batting: RHB Ángel Rosa 0-0: Fly out, F7 (Flyball, 7M)
Batting: RHB Jaime Ramírez 0-0: Foul Ball, location: 2F
0-1: Called Strike
0-2: Ball
1-2: Ground out 6-3 (Groundball, 6)
Batting: RHB Noel Wells 0-0: Foul Ball, location: 2F
0-1: Ball
1-1: Fly out, F8 (Flyball, 8RD)
Top of the 4th over - 0 run(s), 0 hit(s), 0 error(s), 0 left on base; Belleville 0 - Harrisburg 0
BOTTOM OF THE 4TH
Harrisburg Harriers batting - Pitching for Belleville Bulls : RHP Frank Walker
Batting: LHB Salvador Avilés 0-0: SINGLE (Groundball, 34D) (infield hit)
Batting: RHB Patrizio Vanali 0-0: Called Strike
0-1: Ball
1-1: Called Strike
1-2: Foul Ball, location: 2F
1-2: Strikes out swinging
Batting: LHB Héctor Torres 0-0: Called Strike
0-1: Swinging Strike
0-2: Ball
1-2: Ball
2-2: Strikes out looking
Batting: RHB Mike Greene 0-0: Called Strike
0-1: Swinging Strike
0-2: Ball
1-2: Ball
2-2: Foul Ball, location: 2F
2-2: Ball
3-2: Ground out 6-3 (Groundball, 6)
Bottom of the 4th over - 0 run(s), 1 hit(s), 0 error(s), 1 left on base; Belleville 0 - Harrisburg 0
TOP OF THE 5TH
Belleville Bulls batting - Pitching for Harrisburg Harriers : RHP Jesús Liñares
Batting: RHB Gabriel López 0-0: Foul Ball, location: 2F
0-1: Ball
1-1: Ball
2-1: SOLO HOME RUN (Flyball, 9D), Distance : 347 ft
Batting: RHB Rafael Delgado 0-0: Ball
1-0: TRIPLE (Line Drive, 9LM)
Batting: LHB Manuel Sánchez 0-0: Ball
1-0: Ball
2-0: Called Strike
2-1: Swinging Strike
2-2: Strikes out swinging
Batting: RHB Paddy Hodnett 0-0: Called Strike
0-1: Fly out, F4 (Popup, 4MD)
Batting: RHB José Icaza 0-0: Ball
1-0: Ball
2-0: Ground out 6-3 (Groundball, 6)
Top of the 5th over - 1 run(s), 2 hit(s), 0 error(s), 1 left on base; Belleville 1 - Harrisburg 0
BOTTOM OF THE 5TH
Harrisburg Harriers batting - Pitching for Belleville Bulls : RHP Frank Walker
Batting: RHB Jorge Figueroa 0-0: Ball
1-0: Called Strike
1-1: Called Strike
1-2: Strikes out swinging
Batting: SHB Alonso Solís 0-0: Ball
1-0: Swinging Strike
1-1: Foul Ball, location: 2F
1-2: Strikes out swinging
Batting: RHB Henrique Shearman 0-0: Foul Ball, location: 2F
0-1: Ball
1-1: Ball
2-1: Ball
3-1: Foul Ball, location: 2F
3-2: Fly out, F5 (Popup, 25F)
Bottom of the 5th over - 0 run(s), 0 hit(s), 0 error(s), 0 left on base; Belleville 1 - Harrisburg 0
TOP OF THE 6TH
Belleville Bulls batting - Pitching for Harrisburg Harriers : RHP Jesús Liñares
Batting: RHB Lee Charles 0-0: Ball
1-0: Ball
2-0: SINGLE (Line Drive, 6D)
Batting: RHB Ángel Rosa 0-0: Grounds into double play, 4-6-3 (Groundball, 4)
Batting: RHB Jaime Ramírez 0-0: Ball
1-0: DOUBLE (Groundball, 5L)
Batting: RHB Noel Wells 0-0: Called Strike
0-1: Ball
1-1: Foul Ball, location: 2F
1-2: Strikes out swinging
Top of the 6th over - 0 run(s), 2 hit(s), 0 error(s), 1 left on base; Belleville 1 - Harrisburg 0
BOTTOM OF THE 6TH
Harrisburg Harriers batting - Pitching for Belleville Bulls : RHP Frank Walker
Batting: RHB Roberto Escues 0-0: Ball
1-0: Ground out 4-3 (Groundball, 4M)
Batting: LHB José Cordero 0-0: Ground out 3-1 (Groundball, 34)
Batting: LHB Salvador Avilés 0-0: Called Strike
0-1: Foul Ball, location: 2F
0-2: Strikes out swinging
Bottom of the 6th over - 0 run(s), 0 hit(s), 0 error(s), 0 left on base; Belleville 1 - Harrisburg 0
TOP OF THE 7TH
Belleville Bulls batting - Pitching for Harrisburg Harriers : RHP Jesús Liñares
Batting: RHB Gabriel López 0-0: Ball
1-0: Swinging Strike
1-1: Swinging Strike
1-2: Strikes out swinging
Batting: RHB Rafael Delgado 0-0: SINGLE (Groundball, 56D)
Pinch Hitting: SHB Jim Unknown 0-0: Ball
1-0: Ball
2-0: Called Strike
2-1: Fly out, F8 (Flyball, 8LD)
Pinch Hitting: LHB Jim Unknown 0-0: DOUBLE (Flyball, 8LD)
Rafael Delgado to third
Batting: RHB José Icaza 0-0: Ball
1-0: Ball
2-0: Ball
3-0: Base on Balls
Batting: RHB Lee Charles 0-0: Ball
1-0: Fly out, F5 (Line Drive, 56)
Top of the 7th over - 0 run(s), 2 hit(s), 0 error(s), 3 left on base; Belleville 1 - Harrisburg 0
BOTTOM OF THE 7TH
Harrisburg Harriers batting - Pitching for Belleville Bulls : RHP Frank Walker
Now at 2B: Jim Unknown
Now in LF: Jim Unknown
Batting: RHB Patrizio Vanali 0-0: Fly out, F9 (Line Drive, 9M)
Batting: LHB Héctor Torres 0-0: Ball
1-0: Ball
2-0: Foul Ball, location: 2F
2-1: Foul Ball, location: 2F
2-2: Strikes out swinging
Batting: RHB Mike Greene 0-0: Ground out 5-3 (Groundball, 56S)
Bottom of the 7th over - 0 run(s), 0 hit(s), 0 error(s), 0 left on base; Belleville 1 - Harrisburg 0
TOP OF THE 8TH
Belleville Bulls batting - Pitching for Harrisburg Harriers : RHP Jesús Liñares
Batting: RHB Ángel Rosa 0-0: Ground out 5-3 (Groundball, 5S)
Batting: RHB Jaime Ramírez 0-0: Ground out 1-3 (Groundball, 15S)
Batting: RHB Noel Wells 0-0: Foul Ball, location: 2F
0-1: Ball
1-1: Called Strike
1-2: Strikes out swinging
Top of the 8th over - 0 run(s), 0 hit(s), 0 error(s), 0 left on base; Belleville 1 - Harrisburg 0
BOTTOM OF THE 8TH
Harrisburg Harriers batting - Pitching for Belleville Bulls : RHP Frank Walker
Batting: RHB Jorge Figueroa 0-0: Called Strike
0-1: SINGLE (Line Drive, 8RS)
Batting: SHB Alonso Solís 0-0: Ball
1-0: Ball
2-0: Reached on error, E5 (Groundball, 5S)
Jorge Figueroa to third
Batting: RHB Henrique Shearman 0-0: Ball
1-0: SINGLE (Line Drive, 4M)
Jorge Figueroa scores
Alonso Solís to third
Runner from 3rd tries for Home, SAFE, no throw or cutoff
Batting: RHB Roberto Escues 0-0: Sac Bunt - play at first, batter OUT! 1-4
Henrique Shearman to second
Pinch Hitting: LHB Jim Unknown 0-0: Intentional Walk
Batting: LHB Salvador Avilés 0-0: DOUBLE (Line Drive, 9LS)
Henrique Shearman scores
Jim Unknown to third
Batting: RHB Patrizio Vanali 0-0: Called Strike
0-1: DOUBLE (Line Drive, 8RXD)
Jim Unknown scores
Salvador Avilés scores
Batting: LHB Héctor Torres 0-0: Intentional Walk
Batting: RHB Mike Greene 0-0: Fly out, F9 (Flyball, 9D)
Runner from 2nd tags up, SAFE at 3rd, no throw
Batting: RHB Jorge Figueroa 0-0: Ball
1-0: Foul Ball, location: 2F
1-1: Swinging Strike
1-2: Ball
2-2: Ball
3-2: Base on Balls
Héctor Torres to second
Batting: SHB Alonso Solís 0-0: Called Strike
0-1: Ball
1-1: Fly out, F6 (Popup, 6M)
Bottom of the 8th over - 5 run(s), 4 hit(s), 1 error(s), 3 left on base; Belleville 1 - Harrisburg 5
TOP OF THE 9TH
Belleville Bulls batting - Pitching for Harrisburg Harriers : RHP Jesús Liñares
Now at SS: David Ortega
Batting: RHB Gabriel López 0-0: Called Strike
0-1: Ball
1-1: Bunted foul
1-2: Foul Ball, location: 2F
1-2: Ball
2-2: SINGLE (Line Drive, 9LS)
Pitching: RHP Jim Unknown
Batting: RHB Rafael Delgado 0-0: Called Strike
0-1: Foul Ball, location: 2F
0-2: Strikes out swinging
Batting: SHB Jim Unknown 0-0: Called Strike
0-1: Ball
1-1: Swinging Strike
1-2: Ball
Wild Pitch!
Gabriel López to second
2-2: Ball
3-2: Base on Balls
Batting: LHB Jim Unknown 0-0: Ball
1-0: Called Strike
1-1: Foul Ball, location: 2F
1-2: Strikes out swinging
Batting: RHB José Icaza 0-0: Foul Ball, location: 2F
0-1: Called Strike
0-2: Ball
1-2: Ball
2-2: Strikes out looking
Top of the 9th over - 0 run(s), 1 hit(s), 0 error(s), 2 left on base; Belleville 1 - Harrisburg 5
This league is powered by Out of the Park Baseball, the baseball management simulation game for PC, Mac and Linux
Friday, January 22nd, 2016 - OOTP Baseball 16.9 Build 39